[Event "Titled Tuesday Blitz May 16 Late 2023"]
[White "Deac, Bogdan-Daniel"]
[Black "Riehle, Marco"]
[WhiteFideId "1226380"]
[BlackFideId "12904392"]
[WhiteElo "2649"]
[BlackElo "2462"]
[Result "1-0"]
[Round "06"]
[TimeControl "180+2"]
[Date "2023.05.16"]
[WhiteClock "0:00:06"]
[BlackClock "0:00:28"]

1. b3 e5 2. Bb2 Nc6 3. Nf3 e4 4. Nd4 Nxd4 5. Bxd4 Nf6 6. e3 d5 7. c4 dxc4 8. Bxc4 Be7 9. Nc3 O-O 10. O-O Bf5 11. f3 exf3 12. Qxf3 Bg6 13. Qxb7 c5 14. Be5 Qxd2 15. Qxe7 Qxe3+ 16. Kh1 Rae8 17. Bxf6 Rxe7 18. Nd5 gxf6 19. Nxe3 Rxe3 20. Rxf6 Rfe8 21. Kg1 Re1+ 22. Rxe1 Rxe1+ 23. Kf2 Ra1 24. Ra6 Bb1 25. a4 Ra2+ 26. Ke1 Ra1 27. Kd2 Ra2+ 28. Kc1 Bg6 29. g3 Rxh2 30. Rxa7 Rh3 31. a5 Rxg3 32. a6 Rf3 33. Rc7 Be4 34. Rxc5 Rc3+ 35. Kb2 Rc2+ 36. Ka3 h5 37. Rxh5 Rc1 38. Re5 Bg2 39. Rg5+ Kf8 40. Rxg2 Ra1+ 41. Ra2 Re1 42. a7 Re8 43. Bd5 Kg7 44. a8=Q Re5 45. Qc6 f5 46. Rg2+ Kh7 47. Qg6+ Kh8 48. Qh6# 1-0


[Site "https://www.chess.com"]

[Event "Titled Tuesday Blitz May 16 Late 2023"]
[White "Caruana, Fabiano"]
[Black "Sviridov, Valery"]
[WhiteFideId "2020009"]
[BlackFideId "4120680"]
[WhiteElo "2837"]
[BlackElo "2457"]
[Result "1-0"]
[Round "06"]
[TimeControl "180+2"]
[Date "2023.05.16"]
[WhiteClock "0:01:12"]
[BlackClock "0:01:10"]

1. e4 Nf6 2. e5 Nd5 3. d4 d6 4. Nf3 dxe5 5. Nxe5 c6 6. Bd3 Nd7 7. Nf3 N7f6 8. h3 Nb4 9. Bc4 Bf5 10. Bb3 e6 11. O-O Be7 12. a3 Nbd5 13. c4 Nb6 14. Nc3 h6 15. Qe2 O-O 16. Rd1 Qc7 17. Ne5 Rad8 18. Bf4 Qc8 19. Rac1 Rfe8 20. Qf3 Nbd7 21. d5 Nxe5 22. Bxe5 Nd7 23. Bf4 Bf8 24. Ba2 a5 25. Qg3 Bg6 26. Bc7 Nc5 27. Bxd8 Rxd8 28. d6 Qb8 29. b4 axb4 30. axb4 Na6 31. c5 Nxb4 32. Bxe6 Kh7 33. Qf4 Na6 34. Bxf7 Nxc5 35. Bxg6+ Kxg6 36. Qg4+ 1-0


[Site "https://www.chess.com"]

[Event "Titled Tuesday Blitz May 16 Late 2023"]
[White "Bluebaum, Matthias"]
[Black "Milikow, Yoav"]
[WhiteFideId "24651516"]
[BlackFideId "2822237"]
[WhiteElo "2639"]
[BlackElo "2410"]
[Result "1-0"]
[Round "06"]
[TimeControl "180+2"]
[Date "2023.05.16"]
[WhiteClock "0:01:43"]
[BlackClock "0:00:08"]

1. d4 d5 2. c4 e6 3. Nc3 Nf6 4. cxd5 exd5 5. Bf4 Bd6 6. Bxd6 Qxd6 7. e3 O-O 8. Bd3 Bg4 9. f3 Bh5 10. Nge2 Re8 11. Qd2 Qe7 12. Kf2 Bg6 13. Bxg6 hxg6 14. h4 Nbd7 15. Nf4 Nb6 16. b3 c5 17. dxc5 Qxc5 18. Rac1 Qb4 19. Qd4 Qa5 20. Rc2 Rac8 21. Rhc1 Red8 22. g4 Qa3 23. g5 Ne8 24. h5 gxh5 25. Nxh5 Qd6 26. Rh1 Qg6 27. Rcc1 Rc6 28. Qh4 Kf8 29. Nf4 Qf5 30. g6 f6 31. Qh8+ Ke7 32. Qg8 d4 33. Qf7+ Kd6 34. Ne4+ Ke5 35. Qe7+ Re6 36. Rc5+ Nd5 37. Nd3# 1-0


[Site "https://www.chess.com"]

[Event "Titled Tuesday Blitz May 16 Late 2023"]
[White "Pichot, Alan"]
[Black "Sieciechowicz, Marcin"]
[WhiteFideId "110973"]
[BlackFideId "1130170"]
[WhiteElo "2573"]
[BlackElo "2302"]
[Result "0-1"]
[Round "06"]
[TimeControl "180+2"]
[Date "2023.05.16"]
[WhiteClock "0:00:01"]
[BlackClock "0:00:14"]

1. e4 e6 2. d4 d5 3. Nc3 Bb4 4. e5 c5 5. a3 Bxc3+ 6. bxc3 Qa5 7. Bd2 Qa4 8. Qg4 Kf8 9. Qd1 b6 10. h4 Ba6 11. Bxa6 Qxa6 12. h5 h6 13. Rh3 Ne7 14. Qg4 Nbc6 15. Ne2 Kg8 16. Rf3 Rf8 17. Qf4 Qa4 18. Rc1 Qxa3 19. g4 Na5 20. g5 Nc4 21. Ng3 Nxd2 22. Kxd2 hxg5 23. Qxg5 cxd4 24. Rg1 dxc3+ 25. Rxc3 Qb4 26. Ne4 g6 27. Nf6+ Kg7 28. Nd7 d4 29. Qf6+ Kg8 30. hxg6 Qxc3+ 31. Kd1 Qa1+ 32. Ke2 Qxg1 33. Nxf8 Nxg6 34. Nxe6 Qg4+ 0-1


[Site "https://www.chess.com"]

[Event "Titled Tuesday Blitz May 16 Late 2023"]
[White "Durarbayli, Vasif"]
[Black "Klukin, Kirill"]
[WhiteFideId "13402935"]
[BlackFideId "24199273"]
[WhiteElo "2551"]
[BlackElo "2344"]
[Result "1-0"]
[Round "06"]
[TimeControl "180+2"]
[Date "2023.05.16"]
[WhiteClock "0:00:59"]
[BlackClock "0:00:36"]

1. e4 c5 2. Nf3 g6 3. d4 cxd4 4. Nxd4 Bg7 5. c4 Nc6 6. Be3 Nf6 7. Nc3 O-O 8. Be2 d6 9. O-O Bd7 10. Nc2 Rc8 11. Rc1 a6 12. f3 Be6 13. b3 Qa5 14. Nd4 Nxd4 15. Bxd4 Nd7 16. f4 Bxd4+ 17. Qxd4 Qc5 18. Qxc5 Nxc5 19. Kf2 f5 20. exf5 Bxf5 21. Kg1 Bd7 22. Rce1 Bc6 23. Bg4 Rce8 24. Re3 e5 25. f5 Bd7 26. Rg3 Kg7 27. b4 Na4 28. f6+ 1-0


[Site "https://www.chess.com"]

[Event "Titled Tuesday Blitz May 16 Late 2023"]
[White "Grinev, Valeriy"]
[Black "Xiong, Jeffery"]
[WhiteFideId "14117517"]
[BlackFideId "2047640"]
[WhiteElo "2366"]
[BlackElo "2726"]
[Result "0-1"]
[Round "06"]
[TimeControl "180+2"]
[Date "2023.05.16"]
[WhiteClock "0:00:05"]
[BlackClock "0:01:16"]

1. d4 d5 2. c4 e6 3. Nc3 Nf6 4. cxd5 exd5 5. Bg5 c6 6. e3 Bd6 7. Bd3 O-O 8. Nge2 Re8 9. Qc2 h6 10. Bh4 a5 11. h3 Na6 12. a3 Nc7 13. O-O Ne6 14. f3 Ng5 15. f4 Ne6 16. Rae1 Be7 17. Kh2 Bd7 18. Bf2 b5 19. Ng1 b4 20. axb4 axb4 21. Nce2 c5 22. Nf3 c4 23. Bf5 Nf8 24. Ne5 Bxf5 25. Qxf5 Qc8 26. Qb1 Ne4 27. Rd1 f6 28. Nf3 Nxf2 29. Rxf2 Bd6 30. Qc1 Qe6 31. Nh4 Qxe3 32. Qxe3 Rxe3 33. Nf5 Re6 34. Nxd6 Rxd6 35. f5 g5 36. fxg6 Nxg6 37. Ng3 Re6 38. Nf5 Kh7 39. Kg1 Raa6 40. Kf1 Ne7 41. Nxe7 Rxe7 42. Rf5 Rd6 43. Re1 Rxe1+ 44. Kxe1 Kg6 45. g4 Kf7 46. Kd2 Ke6 47. Rh5 Ra6 48. Rxh6 Ra2 49. Kc1 Ra1+ 50. Kd2 Rg1 51. Rh8 Rg2+ 52. Kc1 b3 53. Re8+ Kd7 54. Rf8 Ke7 55. Ra8 Rc2+ 56. Kb1 Rh2 57. Kc1 Rxh3 58. Ra7+ Ke6 59. Ra6+ Kf7 60. Rd6 Rh1+ 61. Kd2 Rh2+ 62. Kc1 Rc2+ 63. Kb1 Rd2 64. Kc1 Rxd4 65. Rd8 Ke6 66. Re8+ Kd7 67. Rg8 Rf4 68. g5 Rf1+ 69. Kd2 Rf2+ 70. Kc1 Rc2+ 71. Kd1 Rxb2 72. gxf6 Rf2 73. Rg5 Ke6 0-1


[Site "https://www.chess.com"]

[Event "Titled Tuesday Blitz May 16 Late 2023"]
[White "Naroditsky, Daniel"]
[Black "Matinian, Nikita"]
[WhiteFideId "2026961"]
[BlackFideId "24129100"]
[WhiteElo "2633"]
[BlackElo "2422"]
[Result "0-1"]
[Round "06"]
[TimeControl "180+2"]
[Date "2023.05.16"]
[WhiteClock "0:00:09"]
[BlackClock "0:00:07"]

1. e4 d6 2. d4 g6 3. Nc3 Bg7 4. Be2 Nf6 5. Nf3 O-O 6. O-O Nc6 7. h3 e5 8. dxe5 dxe5 9. Bc4 Qe7 10. Bg5 Qc5 11. Bb3 Nd4 12. Qd3 Nxb3 13. axb3 Be6 14. Rad1 c6 15. Be3 Qa5 16. Qd6 Nh5 17. Ra1 Qd8 18. Qxd8 Rfxd8 19. Bxa7 Nf4 20. Bb6 Re8 21. Bc7 f6 22. Rfd1 g5 23. Ne1 h5 24. Kh2 Kf7 25. Na4 g4 26. h4 f5 27. Nc5 b5 28. Nxe6 Nxe6 29. Rxa8 Rxa8 30. exf5 Nd4 31. Nd3 Re8 32. Nc5 Nxf5 33. Ne4 Kg8 34. g3 Nd4 35. c3 Nf3+ 36. Kg2 Ra8 37. Ng5 Nxg5 38. hxg5 Ra2 39. g6 Bf6 40. Rd6 Kg7 41. Rxc6 Rxb2 42. b4 e4 43. Bf4 Rc2 44. Be3 Rxc3 45. Rxf6 Rxe3 46. Rf5 Rb3 47. Rxh5 Rxb4 48. Rg5 Rb2 49. Kf1 b4 50. Rxg4 e3 51. fxe3 b3 52. Rg5 Rc2 53. Rb5 b2 54. Rb7+ Kxg6 55. Rb6+ Kg5 56. Ke1 Rc1+ 57. Kf2 b1=Q 58. Rxb1 Rxb1 59. Kf3 Rb3 60. Ke4 Kg4 61. Kd4 Kxg3 62. e4 Kf4 63. e5 0-1


[Site "https://www.chess.com"]

[Event "Titled Tuesday Blitz May 16 Late 2023"]
[White "Mahdavi, Reza"]
[Black "Sarana, Alexey"]
[WhiteFideId "12595926"]
[BlackFideId "24133795"]
[WhiteElo "2352"]
[BlackElo "2714"]
[Result "0-1"]
[Round "06"]
[TimeControl "180+2"]
[Date "2023.05.16"]
[WhiteClock "0:00:33"]
[BlackClock "0:01:20"]

1. e4 e5 2. Nf3 Nc6 3. Nc3 Nf6 4. d4 Bb4 5. Nxe5 Qe7 6. Qd3 Bxc3+ 7. Qxc3 Nxe4 8. Qe3 Nd6 9. Nxc6 dxc6 10. Qxe7+ Kxe7 11. Bf4 Bf5 12. O-O-O Rad8 13. f3 h5 14. h4 Rhe8 15. Be2 Kd7 16. Rde1 Re7 17. Bd1 f6 18. Rxe7+ Kxe7 19. Re1+ Kd7 20. c3 Be6 21. b3 Nf5 22. g3 Nd6 23. Bc2 Bd5 24. Re3 Rh8 25. Bg6 Bf7 26. Bxd6 Bxg6 27. Ba3 Rg8 28. Kd2 Bf5 29. Re7+ Kd8 30. Ke3 Bb1 31. Kd2 b6 32. Rf7 c5 33. dxc5 Bg6 34. cxb6 Bxf7 35. bxa7 Kd7 36. Bc5 Bd5 37. Ke3 Re8+ 38. Kf4 Re2 39. b4 Rxa2 40. g4 hxg4 41. fxg4 Ke6 42. Ke3 Rg2 43. Kf4 g6 44. Bd4 Rh2 45. Kg3 Re2 46. Kf4 Re4+ 47. Kg3 f5 48. gxf5+ Kxf5 49. Bc5 Rg4+ 0-1


[Site "https://www.chess.com"]

[Event "Titled Tuesday Blitz May 16 Late 2023"]
[White "Hayrapetyan, Hovik"]
[Black "Zhigalko, Sergei"]
[WhiteFideId "13302639"]
[BlackFideId "13502956"]
[WhiteElo "2348"]
[BlackElo "2626"]
[Result "1/2-1/2"]
[Round "06"]
[TimeControl "180+2"]
[Date "2023.05.16"]
[WhiteClock "0:01:34"]
[BlackClock "0:01:43"]

1. d4 Nf6 2. c4 e6 3. Nc3 Bb4 4. Nf3 O-O 5. Bg5 h6 6. Bh4 b6 7. e3 Bb7 8. Bd3 Bxc3+ 9. bxc3 d6 10. O-O Nbd7 11. Nd2 c5 12. f4 Qc7 13. e4 cxd4 14. cxd4 e5 15. fxe5 dxe5 16. Bxf6 Nxf6 17. Rxf6 gxf6 18. Qg4+ Kh7 19. Qf5+ Kg7 20. Qg4+ Kh7 21. Qf5+ Kg7 22. Qg4+ Kh7 1/2-1/2


[Site "https://www.chess.com"]

[Event "Titled Tuesday Blitz May 16 Late 2023"]
[White "Makridis, Dimitrios"]
[Black "Hakobyan, Aram"]
[WhiteFideId "25864475"]
[BlackFideId "13306677"]
[WhiteElo "2277"]
[BlackElo "2584"]
[Result "0-1"]
[Round "06"]
[TimeControl "180+2"]
[Date "2023.05.16"]
[WhiteClock "0:00:01"]
[BlackClock "0:00:45"]

1. e4 g6 2. d4 Bg7 3. c3 d6 4. Bd3 e5 5. dxe5 dxe5 6. Nf3 Nc6 7. O-O Nge7 8. Bg5 h6 9. Bh4 g5 10. Bg3 Ng6 11. Na3 h5 12. h3 g4 13. hxg4 h4 14. Bh2 h3 15. Bb5 Bxg4 16. Qxd8+ Rxd8 17. Be2 hxg2 18. Rfd1 a6 19. Nc4 Ke7 20. Ne3 Be6 21. Nd5+ Bxd5 22. exd5 Nb8 23. Kxg2 Nd7 24. Bg3 f5 25. Rh1 Bf6 26. c4 e4 27. Nd2 f4 28. Nxe4 fxg3 29. fxg3 Bxb2 30. Rae1 Rxh1 31. Rxh1 Nf6 32. Ng5 Be5 33. Bd3 Rg8 34. Kf3 Bd6 35. Ne6 Ne5+ 36. Ke2 Nxd3 37. Kxd3 Rxg3+ 38. Kd4 c5+ 39. dxc6 Kxe6 40. Re1+ Kf7 41. cxb7 Rg4+ 42. Kc3 Nd7 43. Rd1 Ke7 44. Re1+ Kd8 45. Rd1 Kc7 0-1


[Site "https://www.chess.com"]

[Event "Titled Tuesday Blitz May 16 Late 2023"]
[White "Remizov, Yaroslav"]
[Black "Paravyan, David"]
[WhiteFideId "34134015"]
[BlackFideId "4194985"]
[WhiteElo "2400"]
[BlackElo "2563"]
[Result "1-0"]
[Round "06"]
[TimeControl "180+2"]
[Date "2023.05.16"]
[WhiteClock "0:00:10"]
[BlackClock "0:00:00"]

1. e4 e5 2. Nf3 Nf6 3. Nc3 Nc6 4. Be2 d5 5. exd5 Nxd5 6. O-O Nxc3 7. bxc3 e4 8. Ne1 Bd6 9. f3 Bf5 10. fxe4 Bxe4 11. Bf3 Bxf3 12. Nxf3 O-O 13. d4 Qf6 14. Rb1 Rab8 15. c4 b6 16. Ne5 Bxe5 17. Rxf6 Bxf6 18. c3 Na5 19. Qd3 Rfe8 20. Bf4 Re7 21. c5 Rbe8 22. cxb6 axb6 23. h3 Rd8 24. Qg3 Rc8 25. Rf1 Kh8 26. Qg4 Rce8 27. Qg3 Nc4 28. Qd3 b5 29. a4 c6 30. axb5 cxb5 31. Rb1 Rb7 32. Qf3 Rb6 33. Qd5 Na3 34. Qxf7 Ra8 35. Ra1 Rba6 36. Re1 h6 37. Kh2 b4 38. cxb4 Bxd4 39. Re8+ Kh7 40. Rxa8 Rxa8 41. Qd5 1-0


[Site "https://www.chess.com"]

[Event "Titled Tuesday Blitz May 16 Late 2023"]
[White "Ibarra Jerez, Jose Carlos"]
[Black "Fernandez Guillen, Ernesto J."]
[WhiteFideId "2226332"]
[BlackFideId "3512428"]
[WhiteElo "2638"]
[BlackElo "2429"]
[Result "1-0"]
[Round "06"]
[TimeControl "180+2"]
[Date "2023.05.16"]
[WhiteClock "0:00:02"]
[BlackClock "0:00:03"]

1. e4 e5 2. Nf3 Nc6 3. Nc3 g6 4. d4 exd4 5. Nd5 Bg7 6. Bg5 f6 7. Bh4 d6 8. Bc4 Ne5 9. Qxd4 c6 10. Ne3 Qb6 11. Qxd6 Qxb2 12. O-O Nxf3+ 13. gxf3 Qe5 14. Rfd1 Qxd6 15. Rxd6 g5 16. Rad1 Bh3 17. Bg3 Ne7 18. Ng4 Rf8 19. Be6 h5 20. Nxf6+ Bxf6 21. Bxh3 h4 22. Bd7+ Kf7 23. Be6+ Kg6 24. e5 hxg3 25. exf6 gxh2+ 26. Kxh2 Rxf6 27. Bg4 Nd5 28. Rd7 Rh8+ 29. Kg1 Rf4 30. Rxb7 Rc4 31. Re1 Rf8 32. Rxa7 Rxc2 33. Rd7 Rf6 34. Re8 Rxa2 35. Rg8+ Kh6 36. Rh8+ Kg6 37. Rg8+ Kh6 38. Rdg7 Nf4 39. Rxg5 Ng6 40. Rh5# 1-0


[Site "https://www.chess.com"]

[Event "Titled Tuesday Blitz May 16 Late 2023"]
[White "Smirnov, Pavel"]
[Black "Tang, Andrew"]
[WhiteFideId "4123425"]
[BlackFideId "2059630"]
[WhiteElo "2520"]
[BlackElo "2596"]
[Result "1-0"]
[Round "06"]
[TimeControl "180+2"]
[Date "2023.05.16"]
[WhiteClock "0:00:04"]
[BlackClock "0:00:02"]

1. d4 d5 2. c4 e6 3. Nf3 Nf6 4. g3 dxc4 5. Bg2 Nc6 6. O-O Rb8 7. Nc3 a6 8. e4 Be7 9. d5 Nb4 10. Ne5 exd5 11. exd5 Bf5 12. Nxc4 Bd3 13. b3 Bxf1 14. Kxf1 a5 15. a3 Na6 16. Nxa5 O-O 17. b4 Re8 18. Qd3 Qd7 19. Bd2 c6 20. Rd1 Nc7 21. Bf4 cxd5 22. Ne4 b6 23. Nb3 Rbd8 24. Ng5 Ne6 25. Nxe6 fxe6 26. Bh3 Bd6 27. Bg5 Qf7 28. Qe2 Ne4 29. Bxd8 Rxd8 30. Kg2 Re8 31. Nd4 e5 32. Nf5 Bf8 33. Bg4 Nc3 34. Qd3 Nxd1 35. Qxd1 d4 36. f3 g6 37. Nh4 Be7 38. Bh3 Bxh4 39. gxh4 Kg7 40. Qe2 Re7 41. Qe4 Qa2+ 42. Kg3 Qxa3 43. h5 Qxb4 44. h6+ Kf6 45. Qh4+ g5 46. Qe4 Kf7 47. Qxh7+ Kf8 48. Qh8+ Kf7 49. Qg7+ Ke8 50. Qg8# 1-0


[Site "https://www.chess.com"]

[Event "Titled Tuesday Blitz May 16 Late 2023"]
[White "Schmakel, Sam"]
[Black "Zakhartsov, Vladimir"]
[WhiteFideId "2039311"]
[BlackFideId "4145097"]
[WhiteElo "2356"]
[BlackElo "2495"]
[Result "1-0"]
[Round "06"]
[TimeControl "180+2"]
[Date "2023.05.16"]
[WhiteClock "0:00:07"]
[BlackClock "0:00:05"]

1. d4 Nf6 2. c4 e6 3. Nf3 d5 4. Nc3 Bb4 5. cxd5 exd5 6. Bf4 O-O 7. e3 Ne4 8. Rc1 Bf5 9. Be2 Nxc3 10. bxc3 Ba3 11. Rb1 Bxb1 12. Qxb1 b6 13. Ng5 g6 14. h4 Be7 15. Nf3 Nd7 16. h5 Nf6 17. hxg6 hxg6 18. Bd3 Ne4 19. Bxe4 dxe4 20. Qxe4 Bf6 21. Ne5 Re8 22. Qf3 Qc8 23. Ng4 Bg7 24. Be5 Qf5 25. Qxf5 gxf5 26. Nf6+ Kf8 27. Nxe8 Rxe8 28. Bxc7 Re6 29. Kd2 Ke7 30. Bb8 a6 31. a4 Rc6 32. Kd3 Bf6 33. c4 Rc8 34. Ba7 f4 35. Bxb6 fxe3 36. fxe3 Rg8 37. c5 Rxg2 38. d5 Rb2 39. Rf1 Be5 40. Rf3 f6 41. Ke4 Rb4+ 42. Kf5 Rb3 43. Rh3 Kf7 44. Rh7+ Kg8 45. Ra7 Rxe3 46. c6 Rc3 47. c7 Bxc7 48. Rxc7 Rd3 49. Ke6 f5 50. d6 f4 51. d7 f3 52. Rc8+ Kg7 53. d8=Q Rxd8 54. Rxd8 f2 55. Bxf2 a5 56. Bd4+ 1-0


[Site "https://www.chess.com"]

[Event "Titled Tuesday Blitz May 16 Late 2023"]
[White "Pap, Gyula"]
[Black "Ivanisevic, Ivan"]
[WhiteFideId "725323"]
[BlackFideId "912417"]
[WhiteElo "2519"]
[BlackElo "2592"]
[Result "1-0"]
[Round "06"]
[TimeControl "180+2"]
[Date "2023.05.16"]
[WhiteClock "0:00:05"]
[BlackClock "0:00:05"]

1. Nf3 d5 2. e3 Nf6 3. c4 e6 4. Nc3 b6 5. b3 Bb7 6. Bb2 Nbd7 7. cxd5 exd5 8. g3 g6 9. Bg2 Bg7 10. O-O O-O 11. d4 a6 12. Rc1 Re8 13. Qc2 Qe7 14. Ne2 c5 15. Nf4 Rad8 16. Rfd1 a5 17. dxc5 Nxc5 18. Bd4 Nfe4 19. Bxg7 Kxg7 20. Nd4 Qf6 21. a3 Rc8 22. Qb2 Kg8 23. Qa1 h5 24. h4 Nd7 25. Bh3 Rxc1 26. Rxc1 Ne5 27. Bg2 Ng4 28. Rc2 Nexf2 29. Rxf2 Rxe3 30. Rf3 Qe5 31. Nc2 d4 32. Nxe3 Bxf3 33. Nxg4 hxg4 34. Qc1 d3 35. Qd2 Qd4+ 36. Kh2 Qe4 37. Bxf3 gxf3 38. Qxd3 Qc6 39. Kg1 Qc5+ 40. Kf1 Qxa3 41. Qxf3 a4 42. Qa8+ Kg7 43. Qxa4 Qc1+ 44. Kf2 Qc5+ 45. Kg2 Qc2+ 46. Kh3 Qf5+ 47. Kh2 Qc2+ 48. Ng2 Qc5 49. Qc4 Qe5 50. Qf4 Qc3 51. Qe3 Qc6 52. Qd4+ f6 53. b4 b5 54. Ne3 Qe6 55. Kg2 Qa2+ 56. Kf3 Qe6 57. g4 Qc6+ 58. Qd5 Qc1 59. Qd7+ Kh6 60. g5+ fxg5 61. Ng4+ Kh5 62. Qh7# 1-0


[Site "https://www.chess.com"]

[Event "Titled Tuesday Blitz May 16 Late 2023"]
[White "Bartel, Mateusz"]
[Black "Antipov, Mikhail Al."]
[WhiteFideId "1112635"]
[BlackFideId "4107012"]
[WhiteElo "2521"]
[BlackElo "2513"]
[Result "0-1"]
[Round "06"]
[TimeControl "180+2"]
[Date "2023.05.16"]
[WhiteClock "0:00:04"]
[BlackClock "0:00:08"]

1. e4 c5 2. Ne2 e6 3. g3 d5 4. Bg2 dxe4 5. Bxe4 Nf6 6. Bg2 Be7 7. d4 cxd4 8. Qxd4 Qxd4 9. Nxd4 a6 10. c4 Nbd7 11. Ke2 Nb6 12. b3 e5 13. Nc2 Bg4+ 14. f3 Be6 15. Nc3 O-O-O 16. Be3 Kc7 17. g4 h5 18. h3 g6 19. g5 Ne8 20. h4 Ng7 21. f4 Nf5 22. fxe5 Ng3+ 23. Kf2 Nxh1+ 24. Rxh1 Rhe8 25. Nd4 Nd7 26. Nxe6+ fxe6 27. Ne4 Nxe5 28. Bf4 Rf8 29. Ke3 Rxf4 30. Kxf4 Ng4 31. Nf6 Rd4+ 32. Kf3 Rd3+ 33. Ke2 Re3+ 34. Kd2 Bb4+ 35. Kc1 Nf2 36. Rf1 Re2 37. Bf3 Nd3+ 38. Kb1 Rb2+ 39. Ka1 Bc3 40. Ne4 Bd4 41. Rd1 Rxb3+ 42. Nc3 Bxc3# 0-1


[Site "https://www.chess.com"]

[Event "Titled Tuesday Blitz May 16 Late 2023"]
[White "Babazada, Khazar"]
[Black "Weetik, Vjacheslav"]
[WhiteFideId "13413554"]
[BlackFideId "4153472"]
[WhiteElo "2351"]
[BlackElo "2469"]
[Result "1-0"]
[Round "06"]
[TimeControl "180+2"]
[Date "2023.05.16"]
[WhiteClock "0:01:45"]
[BlackClock "0:00:07"]

1. e4 c6 2. Nc3 d5 3. Nf3 dxe4 4. Nxe4 Nf6 5. Bd3 Na6 6. Nxf6+ gxf6 7. O-O Rg8 8. Re1 Bg4 9. Bc4 b5 10. Bb3 Nc5 11. d4 Nxb3 12. axb3 Qd5 13. Re3 e6 14. Qe2 Bd6 15. c4 Qh5 16. g3 bxc4 17. bxc4 Rg5 18. Bd2 Rf5 19. Rxe6+ fxe6 20. Qxe6+ Be7 21. Re1 Qf7 22. Qxc6+ Kf8 23. Qxa8+ Kg7 24. Nh4 Rh5 25. Qe4 Rxh4 26. gxh4 1-0


[Site "https://www.chess.com"]

[Event "Titled Tuesday Blitz May 16 Late 2023"]
[White "Djokic, Mihailo"]
[Black "Kamsky, Gata"]
[WhiteFideId "976440"]
[BlackFideId "2000024"]
[WhiteElo "2294"]
[BlackElo "2660"]
[Result "1-0"]
[Round "06"]
[TimeControl "180+2"]
[Date "2023.05.16"]
[WhiteClock "0:00:07"]
[BlackClock "0:00:00"]

1. e4 c6 2. d4 d5 3. e5 g6 4. c4 Be6 5. cxd5 Bxd5 6. Nc3 e6 7. Nge2 Ne7 8. Nf4 Nd7 9. Be2 Bg7 10. Nfxd5 Nxd5 11. Ne4 O-O 12. O-O Qb6 13. Qa4 h6 14. b3 Rfd8 15. Ba3 a5 16. Qc4 Nb4 17. Rfd1 Bf8 18. Bb2 Nd5 19. g3 a4 20. Rd3 Qb4 21. a3 Qe7 22. b4 N7b6 23. Qc2 Bg7 24. Nc5 Ra7 25. Rad1 Rda8 26. Kg2 Nd7 27. Ne4 Rd8 28. Rf3 Raa8 29. h4 Nf8 30. Bc4 Nb6 31. Bd3 Nd5 32. Bc4 Nb6 33. Nf6+ Kh8 34. Be2 Nd5 35. Ne4 Kg8 36. Kh2 Nd7 37. Nd6 f5 38. Nxb7 Rdb8 39. Nd6 Rb6 40. Nc4 Rbb8 41. Ne3 N7b6 42. Rc1 Rc8 43. Qc5 Qd7 44. Nc4 Nxc4 45. Qxc4 Bf8 46. Qc2 h5 47. Bc4 Kf7 48. Rd1 Kg7 49. Bc1 Kh7 50. Bg5 Nb6 51. Ba2 Nd5 52. Qd2 Ra7 53. Rc1 Raa8 54. Rd3 Ra7 55. f3 Raa8 56. Qd1 Bg7 57. Qe2 Rf8 58. Rc2 Ra7 59. Rc4 Raa8 60. Qc2 Rfc8 61. Rd1 Bf8 62. Rc1 Be7 63. Rxc6 Re8 64. Bxd5 Qxd5 65. Rc7 Qxf3 66. Bxe7 Kg8 67. Bf6 1-0


[Site "https://www.chess.com"]

[Event "Titled Tuesday Blitz May 16 Late 2023"]
[White "Iturrizaga Bonelli, Eduardo"]
[Black "Sun, Rick"]
[WhiteFideId "3901211"]
[BlackFideId "30909481"]
[WhiteElo "2637"]
[BlackElo "2169"]
[Result "1-0"]
[Round "06"]
[TimeControl "180+2"]
[Date "2023.05.16"]
[WhiteClock "0:01:01"]
[BlackClock "0:00:16"]

1. c4 d6 2. g3 Nf6 3. Bg2 g6 4. d4 Bg7 5. Nc3 O-O 6. e4 Nc6 7. Nge2 a6 8. O-O e5 9. d5 Na5 10. b3 b5 11. cxb5 axb5 12. Nxb5 Ba6 13. Nec3 Qd7 14. a4 Rfb8 15. Bd2 c5 16. dxc6 Nxc6 17. Bg5 Nd4 18. Re1 Nxb5 19. axb5 Bxb5 20. Rxa8 Rxa8 21. Nxb5 Qxb5 22. Qxd6 Qxb3 23. Bxf6 Bxf6 24. Qxf6 Qc3 25. Rd1 Re8 26. Bf1 Qc2 27. Rd7 Qa2 28. h4 h5 29. Rc7 Qe6 30. Qxe6 Rxe6 31. Bc4 Rf6 32. Kf1 Kg7 33. Ke2 Kg8 34. Bd5 Kg7 35. Ke3 Kg8 36. f4 exf4+ 37. gxf4 Kg7 38. e5 Rf5 39. Be6 Kh6 40. Bxf5 g5 41. fxg5+ Kg7 42. e6 Kf8 43. Rxf7+ Kg8 44. Kf4 Kh8 45. Ke5 Kg8 46. Kf6 Kh8 47. Kg6 Kg8 48. Kxh5 Kh8 49. Kg6 Kg8 50. h5 Kh8 51. h6 Kg8 52. Kf6 Kh8 53. g6 Kg8 54. e7 Kh8 55. Be6 Kg8 56. Rh7# 1-0


[Site "https://www.chess.com"]

[Event "Titled Tuesday Blitz May 16 Late 2023"]
[White "Alex_Sahakyan2006"]
[Black "Rodshtein, Maxim"]
[BlackFideId "2806851"]
[WhiteElo "2693"]
[BlackElo "2555"]
[Result "1-0"]
[Round "06"]
[TimeControl "180+2"]
[Date "2023.05.16"]
[WhiteClock "0:00:03"]
[BlackClock "0:00:00"]

1. d4 e6 2. e4 d5 3. Bd3 c5 4. exd5 exd5 5. Nf3 c4 6. Be2 Nc6 7. O-O Bd6 8. b3 cxb3 9. axb3 Nge7 10. Ba3 O-O 11. c4 Bg4 12. Nbd2 Re8 13. c5 Bf4 14. b4 a6 15. h3 Bh5 16. Re1 Na7 17. Bb2 Nec6 18. g3 Bxd2 19. Qxd2 Qf6 20. Ne5 Bxe2 21. Rxe2 Qf5 22. Rae1 Nxe5 23. Rxe5 Rxe5 24. dxe5 Rd8 25. g4 Qf3 26. e6 h6 27. e7 Re8 28. Qd4 Qf6 29. Qxf6 gxf6 30. Bxf6 Nc6 31. h4 Nxb4 32. Rb1 Nd3 33. Rxb7 Nxc5 34. Rc7 Ne4 35. g5 1-0


[Site "https://www.chess.com"]

[Event "Titled Tuesday Blitz May 16 Late 2023"]
[White "Pakleza, Zbigniew"]
[Black "Mihajlov, Sebastian"]
[WhiteFideId "1119290"]
[BlackFideId "1512110"]
[WhiteElo "2410"]
[BlackElo "2478"]
[Result "0-1"]
[Round "06"]
[TimeControl "180+2"]
[Date "2023.05.16"]
[WhiteClock "0:00:02"]
[BlackClock "0:00:04"]

1. d4 Nf6 2. Nf3 g6 3. Bf4 Bg7 4. e3 O-O 5. Be2 d6 6. h3 Nbd7 7. O-O b6 8. c3 Bb7 9. Nbd2 c5 10. a4 a6 11. Bh2 Qc7 12. Bd3 Rfe8 13. e4 e5 14. dxe5 Nxe5 15. Nxe5 dxe5 16. Qe2 Nh5 17. Bc4 Nf4 18. Qf3 Rad8 19. Rfd1 Kh8 20. Kh1 f5 21. Qe3 Bh6 22. f3 Kg7 23. exf5 gxf5 24. Qe1 Kh8 25. Nf1 Qg7 26. Ne3 e4 27. Rxd8 Rxd8 28. Bxf4 Bxf4 29. Nxf5 Qe5 30. fxe4 Qxe4 31. Nh4 Rd2 32. Qxe4 Bxe4 33. Rf1 Bg3 34. Nf3 Rxb2 35. Bxa6 Kg7 36. Bb5 Rc2 37. c4 Bd3 38. Rd1 Be2 39. Rb1 h5 40. Nh2 h4 41. Nf1 Be5 42. Ne3 Ra2 43. Nf5+ Kf6 44. Nxh4 Kg5 45. Nf3+ Bxf3 46. gxf3 Kf4 47. Rg1 Bd4 48. Rf1 Kg3 49. Rg1+ Bxg1 50. Kxg1 Ra1# 0-1


[Site "https://www.chess.com"]

[Event "Titled Tuesday Blitz May 16 Late 2023"]
[White "Gritsenko, Nikolai"]
[Black "Krzyzanowski, Marcin"]
[WhiteFideId "14112493"]
[BlackFideId "1132199"]
[WhiteElo "2389"]
[BlackElo "2471"]
[Result "0-1"]
[Round "06"]
[TimeControl "180+2"]
[Date "2023.05.16"]
[WhiteClock "0:00:00"]
[BlackClock "0:00:12"]

1. d4 Nf6 2. Bg5 g6 3. Bxf6 exf6 4. c4 f5 5. Nc3 Bg7 6. e3 O-O 7. g3 d6 8. Bg2 Nc6 9. Nge2 Re8 10. O-O a6 11. a3 h5 12. b4 h4 13. Rb1 Nb8 14. c5 c6 15. cxd6 Qxd6 16. d5 cxd5 17. Qxd5 Qe7 18. Nd4 hxg3 19. hxg3 Nd7 20. Rfe1 Nf6 21. Qc5 Rb8 22. Qxe7 Rxe7 23. a4 Bd7 24. b5 a5 25. Nd5 Nxd5 26. Bxd5 Be8 27. Red1 Rd8 28. Bf3 Red7 29. Rdc1 Bxd4 30. exd4 b6 31. d5 Rd6 32. Rc6 Kg7 33. Kf1 g5 34. Ke2 g4 35. Bg2 Kf6 36. Ke3 Ke5 37. Rbc1 Bd7 38. Rxd6 Kxd6 39. Kd4 Re8 40. Rc2 Re1 41. f3 Rd1+ 42. Ke3 gxf3 43. Bxf3 Ra1 44. Kf4 Rxa4+ 45. Kg5 Ra3 46. Rf2 Ke5 47. Re2+ Kd6 48. Rf2 Bxb5 49. Kf6 Bc4 50. Kxf5 a4 51. g4 b5 52. Kf6 b4 53. Kxf7 Rxf3+ 0-1


[Site "https://www.chess.com"]